 Dungeon Crawl Stone Soup version 0.29.1-13-g9f3cf754e1 (webtiles) character file.

Game seed: 2111826675338083416

143518 theswoord the Warrior (level 16, -25/128 HPs)
             Began as a Demonspawn Gladiator on Jan 25, 2023.
             Was a High Priest of Hepliaklqana.
             Killed by the raging water
             ... invoked by a water nymph
              (50 damage)
             ... on level 2 of the Shoals.
             The game lasted 01:08:24 (37760 turns).

theswoord the Warrior (Demonspawn Gladiator)       Turns: 37760, Time: 01:08:25

Health: -25/128    AC: 30    Str: 21    XL:     16   Next: 82%
Magic:  22/22      EV: 29    Int: 13    God:    Hepliaklqana [*****.]
Gold:   2790       SH:  0    Dex: 23    Spells: 15/15 levels left

rFire   . . .      SeeInvis .   m - +4 quarterstaff (chaos)
rCold   . . .      Faith    .   (shield currently unavailable)
rNeg    . . .      Spirit   .   w - +4 plate armour of Dust Devil {Int+4}
rPois   .          Reflect  .   (helmet unavailable)
rElec   .          Harm     .   d - scarf {repulsion}
rCorr   .          Rampage  .   s - +1 pair of gloves
Will    +....                   Q - +0 pair of boots
Stlth   ..........              p - amulet of the acrobat
HPRegen 0.31/turn               P - +4 ring of protection
MPRegen 0.18/turn               S - +6 ring of dexterity

@: acrobatic, studying Staves, repel missiles, very slow
A: reduced essence, horns 3, thin metallic scales 2, demonic guardian 3, foul
stench 2
a: Renounce Religion, Recall Ancestor, Ancestor Identity, Transference, Idealise


You were on level 2 of the Shoals.
You worshipped Hepliaklqana.
Hepliaklqana was extremely pleased with you.
You visited 5 branches of the dungeon, and saw 25 of its levels.

You collected 2790 gold pieces.

Inventory:

Hand Weapons
 m - a +4 quarterstaff of chaos (weapon)
Missiles
 e - 4 throwing nets (quivered)
Armour
 d - a scarf of repulsion (worn)
 s - a +1 pair of gloves (worn)
 w - the +4 plate armour of Dust Devil (worn) {Int+4}
   (You acquired it on level 5 of the Dungeon)

   Int:       It affects your intelligence (+4).
 Q - a +0 pair of boots (worn)
Jewellery
 b - a ring of fire
 c - a ring of poison resistance
 p - an amulet of the acrobat (around neck)
 t - a ring of see invisible
 P - a +4 ring of protection (left hand)
 S - a +6 ring of dexterity (right hand)
 T - an amulet of guardian spirit
Wands
 a - a wand of light (4)
 r - a wand of digging (7)
 v - a wand of charming (37)
 O - a wand of mindburst (14)
 Y - a wand of roots (8)
Scrolls
 h - a scroll of vulnerability
 k - 2 scrolls of fear
 n - 3 scrolls of teleportation
 q - 5 scrolls of immolation
 u - 6 scrolls of identify
 x - 2 scrolls of magic mapping
 H - 8 scrolls of enchant armour
 J - 5 scrolls of enchant weapon
 L - 4 scrolls of poison
 N - a scroll of torment
 R - 2 scrolls of blinking
 W - 3 scrolls of brand weapon
Potions
 f - 2 potions of cancellation
 g - a potion of invisibility
 i - 4 potions of heal wounds
 l - 3 potions of haste
 z - 3 potions of magic
 A - 2 potions of curing
 B - 5 potions of brilliance
 C - 3 potions of attraction
 D - 5 potions of might
 F - 2 potions of resistance
 G - 7 potions of lignification
 V - a potion of flight
 X - a potion of berserk rage
 Z - a potion of ambrosia


   Skills:
 * Level 18.1 Fighting
 + Level 16.7 Staves
 - Level 1.7 Throwing
 + Level 12.0 Armour
 + Level 12.3 Dodging
 - Level 9.0 Invocations


You had 15 spell levels left.
You didn't know any spells.
Your spell library was empty.

Dungeon Overview and Level Annotations

Branches:
Dungeon (15/15)            Temple (1/1) D:5            Lair (5/5) D:8
 Shoals (2/4) Lair:3        Snake (0/4) Lair:3        Slime (0/5) Lair:5
    Orc (2/2) D:10            Elf (0/3) Orc:2        Vaults (0/5) D:13
 Depths (0/4) D:15

Altars:
Ashenzari
Cheibriados
Dithmenos
Fedhas
Gozag
Hepliaklqana
Kikubaaqudgha
Makhleb
Nemelex Xobeh
Okawaru
Qazlal
Ru
Sif Muna
Trog
Uskayaw
Vehumet
Wu Jian
Xom
Yredelemnul
Jiyva
Lugonu

Shops:
D:2 *   D:7 [   D:8 !*   Orc:2 ?(*(=

Portals:
Abyss: Shoals:1

Annotations:
Abyss:1 Louise


Innate Abilities, Weirdness & Mutations

Your life essence is reduced to manifest your ancestor. (-10% HP)
You have a pair of large horns on your head.
You are mostly covered in thin metallic scales. (AC +3)
A powerful demonic guardian rushes to your aid.
You sometimes emit foul miasma when damaged in melee.


Message History

Your hell beast disappears in a puff of smoke!
Key pressed, stopping explore.
A water nymph comes into view.
A water nymph is nearby!
A water nymph is nearby!
A water nymph is nearby!
Unknown command.
You swap places.
You see here a snapping turtle corpse.
You enter the shallow water.
Moving in this stuff is going to be slow.
The water nymph gestures at you while chanting.
The water swirls and strikes you!!
* * * LOW HITPOINT WARNING * * *
Mnyouk hits the water nymph with a +0 quarterstaff!!
Your unstable footing causes you to fumble your attack.
You barely miss the water nymph. Your headbutt misses the water nymph.
The water nymph is heavily wounded.
The water nymph touches you.
* * * LOW HITPOINT WARNING * * *
The water nymph drowns you!
* * * LOW HITPOINT WARNING * * *
You emit a cloud of foul miasma!
Mnyouk barely misses the water nymph.
You completely miss the water nymph.
You headbutt the water nymph, but do no damage.
The water nymph is heavily wounded.
The water nymph is engulfed in dark miasma.
The water nymph is poisoned.
The water nymph points at you and mumbles some strange words.
The water swirls and strikes you!
* * * LOW HITPOINT WARNING * * *
A demonic guardian appears!
Your unstable footing causes you to fumble your attack.
Mnyouk hits the water nymph with a +0 quarterstaff!
Your reaper closely misses the water nymph.
The water nymph is engulfed in dark miasma.
The water nymph looks even sicker.
The water nymph casts a spell at you. The water swirls and strikes you!!!
You die...

≈~~~~~≈≈≈≈≈≈≈≈≈
~~~~~~~~≈≈≈~~~≈≈
~~~.~~~≈≈≈~~~~≈≈
....~~~≈≈~~~~~~≈≈≈≈≈≈≈
#..~~~~~~~~~~~~~~≈≈≈≈
#~~~~~~~~~..~~~~~≈≈≈≈
#.~m~~..~....~P~~~≈≈≈
#.~~R~~~~......~~P≈≈≈
###2~~@~~~~....P.P~~≈≈≈
#...~~~†~~~~~~(..~~P≈≈≈
#...~~....~~.)~..~P~P≈≈
##...~~..~~...~~~.PPP≈≈
##.~~~~>~~~.....)PPPP≈≈
.##..~~.....~##...~~~~P≈≈
..##.~~~...)~.##..~~~≈≈≈≈
~~~~~~≈~~.(.......<.P~≈≈≈
~~~~~~~~~~~...#..~~~~≈≈≈≈


You could see the friendly mnyouk the battlemage, a water nymph (very poisoned,
ally target) and a friendly reaper (summoned).

Vanquished Creatures
  Jorgrun (Shoals:1)
  2 krakens (Shoals:1)
  Aizul (Shoals:1)
  Nessos (Orc:1)
  Azrael (D:13)
  A dire elephant (Lair:5)
  Snorg (D:10)
  4 merfolk impalers
  Harold (D:11)
  6 hydras
  4 vault guards (D:12)
  A merfolk avatar (Shoals:1)
  Erolcha (Orc:1)
  2 boulder beetles
  3 catoblepae
  The ghost of Colokkon the Fighter, a novice MiBe of Trog (D:8)
  Fannar (D:10)
  Erica (D:11)
  16 two-headed ogres
  2 centaur warriors
  2 ogre magi (Orc:2)
  9 death yaks
  A thrashing horror (Shoals:1)
  Urug (D:10)
  5 sea snakes
  4 skeletal warriors
  2 orange crystal statues (D:13)
  3 orc knights
  A deep elf pyromancer (D:15)
  4 harpies
  2 ugly things
  A lindwurm (Lair:3)
  An orc sorcerer (Orc:2)
  A moth of wrath (shapeshifter) (Shoals:1)
  4 manticores
  9 fauns
  4 cyclopes
  7 elephants
  Joseph (D:8)
  A guardian serpent (Lair:3)
  A merfolk siren (Shoals:2)
  8 black mambas
  2 apocalypse crabs
  Maurice (D:8)
  2 black mambas (shapeshifter)
  A torpor snail (Lair:2)
  3 gargoyles
  2 rime drakes
  8 cane toads
  2 unseen horrors
  Psyche (D:8)
  4 kobold demonologists
  A yaktaur (D:15)
  A rime drake (shapeshifter) (D:15)
  3 komodo dragons
  An ancient zyme (Shoals:1)
  3 polar bears
  4 merfolk
  2 wind drakes
  The ghost of Sapher the Changer, a novice SpTm (D:8)
  4 trolls
  A hornet (D:9)
  12 slime creatures
  6 blink frogs
  2 snapping turtles (Shoals:2)
  A centaur simulacrum (D:15)
  7 wraiths
  2 shadows
  5 wyverns
  Eustachio (D:4)
  15 yaks
  2 basilisks
  Menkaure (D:6)
  3 steam dragons
  3 vampire mosquitoes (D:11)
  4 wargs
  A merfolk zombie (Shoals:1)
  An acid dragon (D:10)
  11 water moccasins
  3 hell hounds
  Duvessa (D:5)
  14 orc warriors
  2 ice beasts
  3 sky beasts (D:7)
  9 black bears
  A black bear (shapeshifter) (D:14)
  23 ogres
  3 wolves (Lair:5)
  4 boggarts
  7 centaurs
  A phantom (D:5)
  4 kobold brigands
  6 bullfrogs
  A gnoll sergeant (D:5)
  A necrophage (D:6)
  5 scorpions
  8 wights (D:7)
  6 killer bees
  6 howler monkeys
  A hound (D:4)
  3 jellies
  11 orc priests
  Crazy Yiuf (D:4)
  Natasha (thrice) (D:2)
  6 hell rats (Lair:5)
  6 iguanas
  14 orc wizards
  4 gnolls (D:5)
  12 adders
  A shadow imp (D:3)
  2 white imps
  4 ufetubi
  3 dart slugs
  59 orcs
  2 endoplasms
  3 giant cockroaches (D:1)
  9 goblins
  5 hobgoblins
  7 jackals
  23 kobolds
  4 quokkas
  10 ball pythons
  A bat (D:1)
  2 frilled lizards
  7 rats
  6 tentacles (Shoals:1)
564 creatures vanquished.

Vanquished Creatures (collateral kills)
  Saint Roka (Orc:2)
  Polyphemus (Shoals:1)
  A stone giant (D:15)
  Josephine (D:10)
  2 hydras
  A catoblepas (Lair:5)
  2 boulder beetles
  2 ogre magi (Orc:2)
  A deep troll shaman (Lair:5)
  5 two-headed ogres
  9 death yaks
  A thrashing horror (Shoals:1)
  6 skeletal warriors (D:15)
  A sea snake (Shoals:1)
  2 orc knights
  A harpy (Shoals:1)
  A deep elf pyromancer (D:13)
  5 fauns
  3 ugly things (D:13)
  An orc sorcerer (Orc:1)
  An ugly thing (shapeshifter) (D:13)
  2 worldbinders (Shoals:1)
  A cyclops (D:15)
  5 elephants
  2 manticores (Shoals:1)
  A black mamba (Lair:5)
  A torpor snail (Lair:2)
  A cane toad (Lair:3)
  3 kobold demonologists (D:10)
  2 unseen horrors
  A rime drake (Lair:3)
  A freezing wraith (D:14)
  2 komodo dragons (Lair:3)
  4 merfolk
  2 wind drakes
  A hornet (D:11)
  8 blink frogs
  12 slime creatures
  2 snapping turtles
  2 yaks (Lair:2)
  A shadow (D:10)
  A vampire (D:11)
  A vampire mosquito (D:11)
  3 basilisks
  A spatial vortex (Shoals:1)
  Edmund (D:3)
  3 wargs
  An acid dragon (D:11)
  6 water moccasins
  2 hell hounds
  6 ogres (Orc:2)
  8 orc warriors
  2 wolves (Lair:5)
  6 boggarts
  3 centaurs (D:14)
  3 kobold brigands
  A small abomination (Shoals:1)
  4 bullfrogs
  Dowan (D:5)
  4 orc priests
  2 orc wizards (D:10)
  A hell rat (Lair:5)
  An adder (Lair:2)
  18 orcs
  2 kobolds (D:10)
183 creatures vanquished.

Vanquished Creatures (others)
  An orange crystal statue (D:13)
  A necrophage (D:8)
  26 battlemagi
  An orc wizard (Orc:1)
  An orc (Orc:1)
  A bush (Lair:5)
  48 fungi
  98 plants
  23 tentacles (Shoals:1)
  4 withered plants (D:8)
204 creatures vanquished.

Grand Total: 951 creatures vanquished

Notes
Turn   | Place    | Note
-------+----------+-------------------------------------------
     0 | D:1      | theswoord the Demonspawn Gladiator began the quest for the
                  | Orb.
     0 | D:1      | Reached XP level 1. HP: 16/16 MP: 1/1
   291 | D:1      | Gained mutation: You are partially covered in thin metallic
                  | scales. (AC +2) [demonic ancestry]
   291 | D:1      | Reached XP level 2. HP: 21/22 MP: 2/2
   892 | D:2      | Gained mutation: You are mostly covered in thin metallic
                  | scales. (AC +3) [demonic ancestry]
   892 | D:2      | Reached XP level 3. HP: 23/27 MP: 3/3
  1103 | D:2      | Found a faded altar of an unknown god.
  1153 | D:2      | Noticed Natasha
  1159 | D:2      | Killed Natasha
  1160 | D:2      | Reached XP level 4. HP: 20/33 MP: 4/4
  1187 | D:2      | Noticed Natasha
  1192 | D:2      | Killed Natasha
  1278 | D:2      | Noticed Natasha
  1284 | D:2      | Killed Natasha
  1285 | D:2      | Reached skill level 5 in Staves
  1390 | D:2      | Reached XP level 5. HP: 25/38 MP: 5/5
  1615 | D:2      | Found Jerchuohumn's General Store.
  1907 | D:3      | Found a radiant altar of Vehumet.
  1972 | D:3      | Found a blossoming altar of Fedhas.
  2198 | D:3      | Found a stormy altar of Qazlal.
  2374 | D:3      | Gained mutation: A weak demonic guardian rushes to your
                  | aid. [demonic ancestry]
  2374 | D:3      | Reached XP level 6. HP: 31/44 MP: 6/6
  3013 | D:4      | Noticed Edmund
  3074 | D:3      | Killed Edmund
  3531 | D:4      | Noticed Eustachio
  3749 | D:4      | Killed Eustachio
  3750 | D:4      | Gained mutation: You have a pair of small horns on your
                  | head. [demonic ancestry]
  3750 | D:4      | Reached XP level 7. HP: 43/50 MP: 7/7
  4015 | D:4      | Found a runed translucent door.
  4016 | D:4      | Noticed Crazy Yiuf
  4103 | D:4      | Killed Crazy Yiuf
  4751 | D:4      | Found an ornate altar of the Wu Jian Council.
  4888 | D:5      | Entered Level 5 of the Dungeon
  4888 | D:5      | Noticed Dowan
  4889 | D:5      | Noticed Duvessa
  5438 | D:5      | Killed Duvessa
  5439 | D:5      | Reached XP level 8. HP: 35/56 MP: 8/8
  5443 | D:5      | Killed Dowan
  5736 | D:5      | Identified a scroll of acquirement
  5736 | D:5      | Acquired the +4 plate armour of Dust Devil {Int+4}
  5876 | D:5      | Reached skill level 10 in Staves
  6082 | D:5      | Found a staircase to the Ecumenical Temple.
  6120 | Temple   | Entered the Ecumenical Temple
  6874 | D:6      | Gained mutation: You have a pair of horns on your head.
                  | [demonic ancestry]
  6874 | D:6      | Reached XP level 9. HP: 27/61 MP: 9/9
  7108 | D:6      | Found an opulent altar of Gozag.
  7108 | D:6      | Found a shimmering altar of Xom.
  7214 | D:6      | Noticed Menkaure
  7217 | D:6      | Killed Menkaure
  7755 | D:7      | Noticed a black mamba
  7755 | D:7      | a shapeshifter changed into a black mamba
  7760 | D:7      | Killed a black mamba
  7943 | D:7      | Found Vevib's Armour Shop.
  8459 | D:7      | Gained mutation: You may rarely emit foul miasma when
                  | damaged in melee. [demonic ancestry]
  8459 | D:7      | Reached XP level 10. HP: 67/67 MP: 10/10
  8765 | D:7      | Found a hazy altar of Hepliaklqana.
  8773 | D:7      | Became a worshipper of Hepliaklqana the Forgotten
  9564 | D:8      | Noticed Maurice
  9575 | D:8      | Killed Maurice
  9608 | D:8      | Noticed Psyche
  9620 | D:8      | Killed Psyche
  9899 | D:7      | Reached skill level 1 in Armour
 10140 | D:8      | Reached skill level 3 in Fighting
 10513 | D:8      | Reached skill level 4 in Fighting
 10584 | D:8      | Found a staircase to the Lair.
 10592 | D:8      | Found a shimmering blue altar of Sif Muna.
 10630 | D:8      | Found Duragoj's General Store.
 10640 | D:8      | Reached * piety under Hepliaklqana
 10663 | D:8      | Found Nopailur's Distillery.
 11066 | D:8      | Noticed Joseph
 11098 | D:8      | Killed Joseph
 11099 | D:8      | Reached skill level 5 in Fighting
 11189 | D:8      | Found a runed translucent gate.
 11189 | D:8      | Found a runed translucent gate.
 11189 | D:8      | Found a runed translucent gate.
 11189 | D:8      | Noticed Colokkon's ghost (novice MiBe)
 11190 | D:8      | Noticed Sapher's ghost (novice SpTm)
 11269 | D:9      | Noticed a two-headed ogre
 11274 | D:9      | Killed a two-headed ogre
 11422 | D:9      | Found a broken altar of Ashenzari.
 11425 | D:9      | Acquired a manual of Staves
 11689 | D:9      | Gained mutation: A demonic guardian rushes to your aid.
                  | [demonic ancestry]
 11689 | D:9      | Reached XP level 11. HP: 42/72 MP: 11/11
 12134 | D:9      | Reached skill level 6 in Fighting
 12362 | D:10     | Entered Level 10 of the Dungeon
 12424 | D:10     | Reached ** piety under Hepliaklqana
 12426 | D:10     | Remembered your ancestor mnyouk as a battlemage
 12502 | Lair:1   | Entered Level 1 of the Lair of Beasts
 12559 | Lair:1   | Noticed a boulder beetle
 12781 | Lair:1   | Reached skill level 5 in Dodging
 12955 | Lair:1   | Killed a boulder beetle
 12956 | Lair:1   | Reached skill level 7 in Fighting
 13358 | Lair:2   | Noticed a death yak
 13368 | Lair:1   | Killed a death yak
 13602 | Lair:2   | Reached skill level 8 in Fighting
 13623 | Lair:2   | Reached skill level 5 in Armour
 13676 | Lair:2   | Noticed a death yak
 13678 | Lair:2   | Noticed a death yak
 13678 | Lair:2   | Noticed a death yak
 13694 | Lair:2   | Killed a death yak
 13857 | Lair:2   | Noticed a death yak
 13857 | Lair:2   | Noticed a death yak
 13866 | Lair:1   | Killed a death yak
 13868 | Lair:2   | Noticed a death yak
 13876 | Lair:1   | Killed a death yak
 13877 | Lair:1   | Reached skill level 9 in Fighting
 13884 | Lair:1   | Killed a death yak
 13885 | Lair:1   | Reached XP level 12. HP: 24/85 MP: 12/12
 14152 | Lair:1   | Killed a death yak
 14159 | Lair:1   | Killed a death yak
 14629 | Lair:2   | Reached skill level 10 in Fighting
 14908 | Lair:2   | Reached *** piety under Hepliaklqana
 14988 | Lair:2   | Found an iron altar of Okawaru.
 15315 | Lair:2   | Found the +8 whip "Snakebite" {venom, curare, rPois}
 15523 | Lair:3   | Reached skill level 11 in Fighting
 15652 | Lair:3   | Found a staircase to the Snake Pit.
 15657 | Lair:3   | Noticed a five-headed hydra
 15662 | Lair:3   | Killed a five-headed hydra
 15851 | Lair:3   | Noticed a four-headed hydra
 15857 | Lair:3   | Killed a four-headed hydra
 16017 | Lair:3   | Noticed an eight-headed hydra
 16024 | Lair:3   | Killed an eight-headed hydra
 16099 | Lair:3   | Found a staircase to the Shoals.
 16116 | Lair:3   | Noticed an eight-headed hydra
 16127 | Lair:3   | Killed an eight-headed hydra
 16250 | Lair:3   | Gained mutation: You have a pair of large horns on your
                  | head. [demonic ancestry]
 16250 | Lair:3   | Reached XP level 13. HP: 79/96 MP: 13/13
 16598 | Lair:3   | Reached skill level 12 in Fighting
 16837 | Lair:3   | Reached **** piety under Hepliaklqana
 18261 | Lair:5   | Entered Level 5 of the Lair of Beasts
 18398 | Lair:5   | Reached skill level 1 in Invocations
 18884 | Lair:5   | Reached skill level 13 in Fighting
 18889 | Lair:5   | Noticed a dire elephant
 18901 | Lair:5   | Killed a dire elephant
 20126 | Lair:5   | Reached skill level 5 in Invocations
 20221 | Lair:5   | Reached ***** piety under Hepliaklqana
 20239 | Lair:5   | Found a viscous altar of Jiyva.
 20240 | Lair:5   | Found a staircase to the Slime Pits.
 20377 | Lair:5   | Gained mutation: A powerful demonic guardian rushes to your
                  | aid. [demonic ancestry]
 20377 | Lair:5   | Reached XP level 14. HP: 107/107 MP: 17/17
 20771 | D:8      | Killed Colokkon's ghost
 20775 | D:8      | Killed Sapher's ghost
 21135 | D:10     | Found an iron altar of Okawaru.
 21312 | D:10     | Reached skill level 14 in Fighting
 21407 | D:10     | Found a staircase to the Orcish Mines.
 21563 | Orc:1    | Entered Level 1 of the Orcish Mines
 21578 | Orc:1    | Noticed Urug
 21721 | D:10     | Killed Urug
 22008 | Orc:1    | Noticed Erolcha
 22034 | Orc:1    | Killed Erolcha
 22047 | Orc:1    | Noticed Josephine
 22261 | Orc:1    | Noticed Fannar
 22551 | Orc:1    | Paralysed by an orc sorcerer for 5 turns
 22563 | D:10     | Killed Fannar
 22571 | D:10     | Killed Josephine
 22869 | Orc:1    | Paralysed by an orc sorcerer for 5 turns
 23655 | Orc:2    | Entered Level 2 of the Orcish Mines
 23664 | Orc:2    | Noticed Nessos
 23907 | Orc:1    | Killed Nessos
 24248 | Orc:2    | Noticed Saint Roka
 24439 | Orc:2    | Killed Saint Roka
 24440 | Orc:2    | Reached skill level 10 in Dodging
 24749 | Orc:2    | Found Ezeshrin's Magic Scroll Shoppe.
 25158 | Orc:2    | Reached skill level 15 in Fighting
 26156 | Orc:1    | Reached skill level 10 in Armour
 26358 | Orc:2    | Found a staircase to the Elven Halls.
 26368 | Orc:2    | Reached XP level 15. HP: 105/116 MP: 21/21
 26814 | Orc:2    | Found Hannothra's Assorted Antiques.
 26814 | Orc:2    | Found Okonein's Antique Weapon Shoppe.
 26815 | Orc:2    | Found Utyib's Jewellery Emporium.
 26815 | Orc:2    | Found Qotwi's Antique Weapon Boutique.
 27158 | D:11     | Noticed Snorg
 27181 | D:10     | Killed Snorg
 27373 | D:11     | You fall into a shaft and drop 1 floor!
 27691 | D:11     | Noticed Erica
 27699 | D:11     | Killed Erica
 27850 | D:11     | Paralysed by a hornet for 3 turns
 27879 | D:11     | Noticed Harold
 27891 | D:11     | Killed Harold
 28682 | D:12     | Reached skill level 16 in Fighting
 29014 | D:13     | Noticed Azrael
 29091 | D:13     | Killed Azrael
 29335 | D:13     | Reached skill level 15 in Staves
 29451 | D:13     | Found a gate to the Vaults.
 29850 | D:13     | Found a large runed translucent door.
 29877 | D:13     | Found a large runed translucent door.
 29882 | D:13     | Found a shimmering altar of Xom.
 31619 | D:15     | Entered Level 15 of the Dungeon
 31625 | D:15     | Found a staircase to the Depths.
 32154 | D:15     | Found an opulent altar of Gozag.
 32534 | D:15     | Gained mutation: You sometimes emit foul miasma when
                  | damaged in melee. [demonic ancestry]
 32534 | D:15     | Reached XP level 16. HP: 23/126 MP: 22/22
 33243 | D:15     | Reached skill level 17 in Fighting
 33966 | Shoals:1 | Entered Level 1 of the Shoals
 34466 | Shoals:1 | Found a runed translucent door.
 34471 | Shoals:1 | Found a corrupted altar of Lugonu.
 34473 | Shoals:1 | Found a one-way gate to the infinite horrors of the Abyss.
 34918 | Shoals:1 | Noticed Aizul
 34932 | Shoals:1 | Killed Aizul
 35391 | Shoals:1 | Noticed Louise
 35400 | Shoals:1 | Banished Louise
 35794 | Shoals:1 | Noticed Jorgrun
 35807 | Shoals:1 | Killed Jorgrun
 35841 | Shoals:1 | Noticed a kraken
 36692 | Shoals:2 | Noticed Polyphemus
 36775 | Shoals:1 | Killed Polyphemus
 36833 | Shoals:1 | Killed a kraken
 37100 | Shoals:1 | Noticed a kraken
 37114 | Shoals:1 | Killed a kraken
 37299 | Shoals:2 | Reached skill level 18 in Fighting
 37760 | Shoals:2 | Killed from afar by a water nymph

Skill      XL: |  1  2  3  4  5  6  7  8  9 10 11 12 13 14 15 16 |
---------------+-------------------------------------------------+-----
Staves         | 3 4 5 6 7 9 11 13 14 15 16 | 16.7
Armour         | 3 5 7 8 10 11 12 | 12.0
Dodging        | 4 6 8 9 10 11 12 | 12.3
Fighting       | 5 9 11 13 15 16 18 | 18.1
Invocations    | 5 8 9 |  9.0
Throwing       | |  1.7

Action                   |  1- 3 |  4- 6 |  7- 9 | 10-12 | 13-15 | 16-18 || total
-------------------------+-------+-------+-------+-------+-------+-------++-------
Melee: Quarterstaff      |   102 |   174 |   313 |   480 |  1068 |   356 ||  2493
       Headbutt          |       |       |    59 |   137 |   334 |    99 ||   629
Throw: Throwing net      |       |     3 |       |     2 |       |       ||     5
       Javelin           |       |     1 |       |     1 |       |     4 ||     6
Invok: Ancestor Identity |       |       |       |     1 |       |       ||     1
       Ancestor Life: Ba |       |       |       |     1 |       |       ||     1
       Idealise          |       |       |       |       |       |     2 ||     2
Evoke: Wand              |       |       |       |     1 |     4 |       ||     5
  Use: Scroll            |       |     8 |     1 |    14 |     5 |     4 ||    32
       Potion            |       |     2 |     1 |     3 |     8 |     1 ||    15
 Stab: Sleeping          |     1 |       |       |       |       |       ||     1
       Held in net/web   |       |     3 |       |       |       |       ||     3
       Paralysed         |       |       |     1 |       |     3 |     2 ||     6
       Distracted        |       |       |       |    10 |    24 |     8 ||    42
       Confused          |       |       |       |     9 |     8 |     1 ||    18
       Petrifying        |       |       |       |     1 |     1 |       ||     2
Armor: Leather armour    |    45 |       |       |       |       |       ||    45
       Chain mail        |       |   239 |    87 |       |       |       ||   326
       Plate armour      |       |       |   128 |   268 |   506 |   180 ||  1082
Dodge: Dodged            |    62 |   193 |   138 |   200 |   562 |   258 ||  1413
       Repelled          |       |       |       |       |     2 |     4 ||     6

Levels and vault maps discovered:
D:1:      minmay_arrival_four_circles, layout_rooms, hangedman_decor_peaks_small
D:2:      minmay_spotlight, layout_rooms, serial_shops,
          nicolae_shop_competitors_out_of_business,
          chequers_ecumenical_altar_twisty, uniq_natasha
D:3:      layout_basic, grunt_temple_overflow_forces_of_nature,
          nicolae_vehumet_radiance, minmay_misc_feat_x, st_stairs_5,
          eino_tiny_chamber, kennysheep_generic_room_16
D:4:      layout_cave_pods, nicolae_wu_jian_glorious_leap, uniq_edmund,
          uniq_eustachio, uniq_crazy_yiuf_cottage
D:5:      layout_cave_pools, minmay_temple_entry_trees, uniq_duvessa
D:6:      wander_river, layout_basic, nicolae_overflow_two_pavilions,
          kennysheep_small_circle, uniq_menkaure
D:7:      wad_guarded_room, layout_basic, kennysheep_little_box, serial_shops,
          nicolae_shop_trees, minmay_a_box_with_orc_wizards_in_it
D:8:      layout_basic, lemuel_crystal_altar, due_lair_maze_entry_diamond,
          gammafunk_ghost_cemetery, serial_shops, nicolae_shop_crystal,
          nicolae_diamond_shop, uniq_joseph, uniq_maurice, uniq_psyche
D:9:      layout_irregular_city, evilmike_ruin_ashenzari
D:10:     layout_rooms, overflow_temple_1_default, david_orc_4
D:11:     layout_rooms, uniq_erica, uniq_snorg, uniq_harold
D:12:     layout_long_grid
D:13:     due_chaos_kobolds, layout_irregular_city,
          lightli_vaults_fourway_checkpoint, uniq_azrael
D:14:     layout_rooms, serial_curves, eino_curves_03, eino_curves_01,
          minmay_misc_feat_more_columns, minmay_misc_feat_tiny
D:15:     grunt_enter_depths_giant_problem, layout_basic,
          grunt_gozag_breadcrumbs
Temple:   nicolae_temple_slightly_damp_pantheon
Lair:1:   layout_loops_ring, grunt_megastairs_4
Lair:2:   minmay_guarded_unrand_snakebite, layout_cave_pods, basic_altar
Lair:3:   layout_layer_cave, minmay_shoals_entry_centaurs,
          minmay_snake_entry_spellcaster, grunt_megastairs_3
Lair:4:   layout_cave_pods
Lair:5:   grunt_lair_end_beastmaster, layout_cellular_growth, slime_entry_1,
          grunt_megastairs_5
Shoals:1: layout_shoals, nicolae_shoals_lost_giant_amphitheater,
          nicolae_shoals_abyss_on_the_beach, uniq_louise, uniq_jorgrun,
          uniq_aizul
Shoals:2: layout_shoals, uniq_polyphemus
Orc:1:    layout_caves, lightli_orcish_oven, uniq_josephine, uniq_urug,
          uniq_erolcha, uniq_fannar
Orc:2:    st_orc_ogre_mass, layout_diamond_mine, serial_shops,
          nicolae_shop_crystal, nicolae_orc_bridge_out, uniq_nessos,
          uniq_saint_roka
